 Dungeon Crawl Stone Soup version 0.31-a0-1308-ga3cce3a448 (webtiles) character file.

Game seed: 8734549299222614538

228 Rennog the Basher (level 6, 0/47 HPs)
             Began as a Gnoll Wanderer on Dec 20, 2023.
             Was a High Priest of Ignis.
             Constricted to death by a ball python (1 damage)
             ... on level 3 of the Dungeon.
             The game lasted 00:05:34 (2530 turns).

Rennog the Basher (Gnoll Wanderer)                  Turns: 2530, Time: 00:05:35

Health: 0/47       AC:  6    Str: 17    XL:     6   Next: 2%
Magic:  11/11      EV:  9    Int: 20    God:    Ignis [*****.]
Gold:   145        SH:  0    Dex: 17    Spells: 7/11 levels left

rFire   + . .        a - +2 mace
rCold   . . .        (no shield)
rNeg    . . .        o - +4 robe of Augmentation {Str+4 Int+4 Dex+4}
rPois   .            (no helmet)
rElec   .            (no cloak)
rCorr   .            (no gloves)
SInv    .            (no boots)
Will    .....        p - amulet of magic regeneration
Stlth   ++           q - +6 ring of dexterity
HPRegen 0.27/turn    (no ring)
MPRegen 0.52/turn

%: no passive effects
@: constricted
A: fangs 1, strong nose, distributed training
a: Renounce Religion, Fiery Armour, Foxfire Swarm, Rising Flame


You were on level 3 of the Dungeon.
You worshipped Ignis.
Ignis was extremely pleased with you.
You visited 1 branch of the dungeon, and saw 4 of its levels.

You collected 145 gold pieces.

Inventory:

Hand Weapons
 a - a +2 mace (weapon)
Armour
 b - a +0 scale mail
 o - the +4 robe of Augmentation (worn) {Str+4 Int+4 Dex+4}
   (You found it on level 4 of the Dungeon)

   Str+4:     It affects your strength (+4).
   Int+4:     It affects your intelligence (+4).
   Dex+4:     It affects your dexterity (+4).
Jewellery
 p - an amulet of magic regeneration (around neck)
 q - a +6 ring of dexterity (left hand)
Wands
 m - a wand of flame (17)
Scrolls
 c - 4 scrolls of summoning
 e - a scroll of poison {unknown}
 f - 2 scrolls of identify {unknown}
 h - 2 scrolls of enchant armour {unknown}
 k - a scroll of revelation {unknown}
 n - a scroll of vulnerability {unknown}
 r - a scroll of teleportation {unknown}
Potions
 d - a potion of mutation {unknown}
 g - 5 potions of curing {unknown}
 i - a potion of heal wounds {unknown}
 j - 2 potions of might {unknown}
 l - a potion of enlightenment {unknown}


   Skills:
 + Level 3.1 Fighting
 + Level 1.8 Short Blades
 + Level 1.8 Long Blades
 + Level 1.8 Axes
 + Level 8.7 Maces & Flails
 + Level 1.8 Polearms
 + Level 1.8 Staves
 + Level 1.8 Ranged Weapons
 + Level 1.8 Throwing
 + Level 4.9 Armour
 + Level 1.8 Dodging
 + Level 3.0 Stealth
 + Level 1.8 Shields
 + Level 1.8 Unarmed Combat
 + Level 3.3 Spellcasting
 + Level 1.4 Conjurations
 + Level 1.4 Hexes
 + Level 1.4 Summonings
 + Level 1.4 Necromancy
 + Level 1.4 Translocations
 + Level 1.4 Transmutations
 + Level 1.4 Fire Magic
 + Level 1.4 Ice Magic
 + Level 2.5 Air Magic
 + Level 1.4 Earth Magic
 + Level 1.4 Poison Magic
 + Level 2.0 Invocations
 + Level 1.8 Evocations
 + Level 1.6 Shapeshifting


You had 7 spell levels left.
You knew the following spells:

 Your Spells              Type           Power      Damage    Failure   Level
a - Shock                 Conj/Air       44%        1d5       6%          1
b - Swiftness             Air            13%        N/A       14%         3

Your spell library contained the following spells:

 Spells                   Type           Power      Damage    Failure   Level
 Cigotuvi's Dreadful Rot  Necr/Pois/Air  20%        N/A       10%         2
 Ignite Poison            Fire/Tmut/Pois 9%         N/A       22%         3
 Stone Arrow              Conj/Erth      18%        3d8       22%         3
 Animate Armour           Summ/Erth      18%        N/A       58%         4
 Freezing Cloud           Conj/Ice/Air   5%         6-21      88%         5
 Lehudib's Crystal Spear  Conj/Erth      4%         10d3      100%        8


Dungeon Overview and Level Annotations

Branches:
Dungeon (4/15)             Temple (0/1) D:4

Altars:
Ashenzari
Sif Muna
The Shining One
Ignis


Innate Abilities, Weirdness & Mutations

You have very sharp teeth.
Your uncanny sense of smell can sniff out nearby items.
Your experience applies equally to all skills.


Message History

Grinder hits you!
You writhe in agony.
You hit Grinder. You punch Grinder.
Grinder is severely wounded.
Grinder hits you.
You writhe in agony.
You hit Grinder.
Grinder is severely wounded.
The ball python barely misses you. The ball python closely misses you.
Grinder gestures at you.
You barely resist.
Level annotation: Grinder Welcome back, Rennog the Gnoll Wanderer.
The flames of Ignis gently warm you.
Press ? for a list of commands and other information.
You hit Grinder.
Grinder is severely wounded.
The ball python bites you but does no damage.
The ball python misses you. Grinder hits you.
You writhe in agony.
You sock Grinder!
Grinder is almost dead.
The ball python barely misses you. The ball python closely misses you.
Grinder barely misses you.
You hit Grinder.
Grinder is almost dead.
The ball python bites you. The ball python grabs you.
The ball python constricts you.
Grinder says, "Don't move a muscle."
Grinder gestures at you. Pain shoots through your body!
* * * LOW HITPOINT WARNING * * *
You hit Grinder but do no damage.
Grinder is almost dead.
The ball python closely misses you. The ball python constricts you.
The ball python closely misses you. The ball python constricts you.
* * * LOW HITPOINT WARNING * * *
You hit Grinder.
You kill Grinder!
The ball python bites you.
* * * LOW HITPOINT WARNING * * *
The ball python constricts you.
You die...

........#
........# #
........ .# [
....#.###.#
..##........#
............#
......S.....#
.......@....#
............#
.........##'#####
...[.......>....#
........##)††...#
................#
########........#
#..........
#...........


You could see a ball python.

Vanquished Creatures
  Grinder (D:3)
  A scorpion (D:4)
  Ijyb (D:3)
  An orc wizard (D:4)
  4 adders
  A worm (D:4)
  5 dart slugs
  3 orcs (D:4)
  6 endoplasms
  3 giant cockroaches
  5 hobgoblins
  4 jackals (D:1)
  7 kobolds
  4 quokkas
  8 ball pythons
  5 bats
  2 frilled lizards
  4 goblins
  5 rats
70 creatures vanquished.

Notes
Turn   | Place    | Note
-------+----------+-------------------------------------------
     0 | D:1      | Rennog the Gnoll Wanderer began the quest for the Orb.
     0 | D:1      | Rennog set off with the following items: a +2 mace, a +0
                  | scale mail, a scroll of summoning; and the following spell
                  | memorised: Shock; and the following spells available to
                  | memorise: Swiftness.
     0 | D:1      | Reached XP level 1. HP: 17/17 MP: 4/4
   180 | D:1      | Reached XP level 2. HP: 18/23 MP: 2/5
   356 | D:1      | Found a faded altar of an unknown god.
   376 | D:1      | Prayed at the altar of an unknown god.
   376 | D:1      | Became a worshipper of Ignis, the Dying Flame
   652 | D:1      | Reached XP level 3. HP: 21/28 MP: 7/7
   836 | D:2      | Reached skill level 1 in Invocations
   961 | D:2      | Reached skill level 1 in Short Blades
   961 | D:2      | Reached skill level 1 in Long Blades
   961 | D:2      | Reached skill level 1 in Axes
   961 | D:2      | Reached skill level 1 in Polearms
   961 | D:2      | Reached skill level 1 in Staves
   961 | D:2      | Reached skill level 1 in Ranged Weapons
   961 | D:2      | Reached skill level 1 in Throwing
   961 | D:2      | Reached skill level 1 in Dodging
   961 | D:2      | Reached skill level 1 in Shields
   961 | D:2      | Reached skill level 1 in Unarmed Combat
   961 | D:2      | Reached skill level 1 in Evocations
  1205 | D:2      | Reached XP level 4. HP: 33/34 MP: 8/8
  1234 | D:2      | Reached skill level 1 in Shapeshifting
  1300 | D:2      | Found a shimmering blue altar of Sif Muna.
  1457 | D:3      | Noticed Ijyb
  1482 | D:3      | Killed Ijyb
  1483 | D:3      | Reached skill level 1 in Conjurations
  1483 | D:3      | Reached skill level 1 in Hexes
  1483 | D:3      | Reached skill level 1 in Summonings
  1483 | D:3      | Reached skill level 1 in Necromancy
  1483 | D:3      | Reached skill level 1 in Translocations
  1483 | D:3      | Reached skill level 1 in Transmutations
  1483 | D:3      | Reached skill level 1 in Fire Magic
  1483 | D:3      | Reached skill level 1 in Ice Magic
  1483 | D:3      | Reached skill level 1 in Earth Magic
  1483 | D:3      | Reached skill level 1 in Poison Magic
  1707 | D:3      | Noticed Grinder
  1709 | D:3      | Paralysed by Grinder for 4 turns
  1718 | D:3      | Paralysed by Grinder for 2 turns
  1825 | D:4      | Found a glowing golden altar of the Shining One.
  1830 | D:4      | Found the +4 robe of Augmentation {Str+4 Int+4 Dex+4}
  1987 | D:4      | Found a staircase to the Ecumenical Temple.
  1988 | D:4      | Noticed a scorpion
  2005 | D:4      | Killed a scorpion
  2006 | D:4      | Reached XP level 5. HP: 16/41 MP: 9/9
  2141 | D:4      | Learned a level 3 spell: Swiftness
  2304 | D:4      | Found a broken altar of Ashenzari.
  2469 | D:4      | Noticed an ogre
  2506 | D:3      | Reached XP level 6. HP: 47/47 MP: 9/11
  2530 | D:3      | Killed Grinder
  2530 | D:3      | HP: 1/47 [ball python (3)]
  2530 | D:3      | Constricted to death by a ball python

Illustrated notes

Levels and vault maps discovered:
D:1:      lordsloth_arrival_two_stooges, layout_loops_cross,
          ebering_ecumenical_altar_petrified, minmay_tetromino_o4
D:2:      layout_rooms, basic_altar, chequers_serial_rivers_small_b
D:3:      layout_basic, uniq_grinder, uniq_ijyb
D:4:      layout_loops_corners, tso_metal_star, evilmike_ruin_ashenzari,
          minmay_temple_entry_water_ring, uniq_duvessa

Skill      XL: |  1  2  3  4  5 |
---------------+----------------+-----
Air Magic      | 2 |  2.5
Invocations    | 1 2 |  2.0
Short Blades   | 1 |  1.8
Long Blades    | 1 |  1.8
Axes           | 1 |  1.8
Polearms       | 1 |  1.8
Staves         | 1 |  1.8
Ranged Weapons | 1 |  1.8
Throwing       | 1 |  1.8
Dodging        | 1 |  1.8
Shields        | 1 |  1.8
Unarmed Combat | 1 |  1.8
Evocations     | 1 |  1.8
Shapeshifting  | 1 |  1.6
Spellcasting   | 3 |  3.3
Conjurations   | 1 |  1.4
Hexes          | 1 |  1.4
Summonings     | 1 |  1.4
Necromancy     | 1 |  1.4
Translocations | 1 |  1.4
Transmutations | 1 |  1.4
Fire Magic     | 1 |  1.4
Ice Magic      | 1 |  1.4
Earth Magic    | 1 |  1.4
Poison Magic   | 1 |  1.4
Fighting       | 3 |  3.1
Stealth        | 3 |  3.0
Maces & Flails | |  8.7
Armour         | |  4.9

Action                     |  1- 3 |  4- 6 || total
---------------------------+-------+-------++-------
  Melee: Mace              |   125 |   125 ||   250
         Bite              |     6 |     7 ||    13
         Punch             |     1 |     2 ||     3
   Cast: Shock             |     4 |    21 ||    25
   Stab: Sleeping          |       |     2 ||     2
 Armour: Scale mail        |    93 |    58 ||   151
         Robe              |       |    27 ||    27
  Dodge: Dodged            |    73 |    60 ||   133

Table legend: (Time is in decaauts)
 A = Elapsed time spent in this place.
 B = Non-inter-level travel time spent in this place.
 C = Inter-level travel time spent in this place.
 D = Time resting spent in this place.
 E = Time spent auto-exploring this place.
 F = Levels seen in this place.
 G = Mean time per level.
                   A        B        C        D        E       F      G
               +--------+--------+--------+--------+--------+-----+--------+
         Total |   2527 |   2398 |    129 |     95 |   1752 |   4 |  631.8 |
       Dungeon |   2527 |   2398 |    129 |     95 |   1752 |   4 |  631.8 |
               +--------+--------+--------+--------+--------+-----+--------+

Top non-repeatable levels by time:
     D:1: 785 daAuts
     D:4: 704 daAuts
     D:2: 690 daAuts
     D:3: 347 daAuts
